cohdb
Replays
Latest Replays
All Replays
Popular Replays
Top Player Replays
Match Explorer
How It Works
Community
CoH3 Stats
Reddit
Sign in to upload your games and track your stats! →
Sign in with Steam
Match 43766253
Unlisted
Match 43766253
Overview
Messages
Build Orders
End
Scout Squad
Construct Barracks
Selects Armored Battlegroup
Selects Veteran Crews
1⁄4-ton 4x4 Truck
Riflemen Squad
Riflemen Squad
Engineer Squad
Infantry Support Center
Construct Motor Pool
M1 Anti-tank Gun Team
Construct Medical Station
Selects Fast Deploy
M8 Greyhound Armored Car
M1918 Browning Automatic Rifles
M8 Greyhound Armored Car
Grenade Package
M1 Anti-tank Gun Team
Selects Field Repairs
Selects War Machine
Field Repairs
Riflemen Squad
Advanced Logistics
Selects Seek and Destroy
Selects UNKNOWN (2160077)
.30 cal Machine Gun
Riflemen Squad
Construct Tank Depot
Riflemen Squad
M4A3E8 Sherman Easy Eight
Riflemen Squad
M1 Anti-tank Gun Team
Survival Training
Field Repairs
M4A3E8 Sherman Easy Eight
Nostalgi@
Nico-Nico-Nii~~
0
0
Comments
sign in to comment!
No comments posted yet!